 Dungeon Crawl Stone Soup version 0.31-a0-851-g7ff8af7976 (webtiles) character file.

Game seed: 6711651965942246028

27503 garrulousMonolith the Thaumaturge (level 13, -5/76 HPs)
             Began as a Deep Elf Earth Elementalist on Oct 5, 2023.
             Was an Initiate of Gozag.
             Slain by Rupert
             ... wielding a +4 great sword of electrocution
              (29 damage)
             ... on level 3 of the Lair of Beasts.
             The game lasted 00:31:42 (16594 turns).

garrulousMonolith the Thaumaturge (DEEE)           Turns: 16594, Time: 00:31:43

Health: -5/76      AC:  8    Str:  5    XL:     13   Next: 4%
Magic:  3/33       EV: 13    Int: 26    God:    Gozag
Gold:   789        SH:  0    Dex: 15    Spells: 14/41 levels left

rFire   + . .        a - +0 short sword (venom)
rCold   + + .        w - orb {light}
rNeg    + . .        q - +0 troll leather armour
rPois   +            V - +2 helmet
rElec   +            (no cloak)
rCorr   +            x - +0 pair of gloves
SInv    .            N - +0 pair of boots
Will    +....        (no amulet)
Stlth   +            J - ring "Ytaon" {rC+ rN+}
HPRegen 1.12/turn    m - ring of wizardry
MPRegen 0.23/turn

%: wizardry (x1)
@: mighty, resistant, gold aura, hasted, glowing, invisible (but backlit and
visible), very quick
A: no striking features
a: Renounce Religion, Potion Petition, Call Merchant, Bribe Branch


You were on level 3 of the Lair of Beasts.
You worshipped Gozag.
Gozag was pleased with you.
You visited 3 branches of the dungeon, and saw 16 of its levels.
You also visited: Bailey.

You collected 3022 gold pieces.
You spent 427 gold pieces at shops.
You paid 1806 gold pieces to Gozag.

Inventory:

Hand Weapons
 a - a +0 short sword of venom (weapon)
 b - the +9 mace of Unpleasantness {holy, rPois Will+}
   (You found it on level 3 of the Dungeon)

   rPois:     It protects you from poison Will+: It increases your willpower.
 E - a +1 dagger of electrocution
Missiles
 l - 34 poisoned darts
 I - a throwing net
Armour
 q - a +0 troll leather armour (worn)
 w - an orb of light (worn)
 x - a +0 pair of gloves (worn)
 K - a +0 kite shield
 N - a +0 pair of boots (worn)
 V - a +2 helmet (worn)
Magical Staves
 F - a staff of death
 H - a staff of conjuration
 M - a staff of air
Jewellery
 m - a ring of wizardry (right hand)
 r - a +6 ring of strength
 z - a +6 ring of dexterity
 J - the ring "Ytaon" (left hand) {rC+ rN+}
   (You bought it in a shop on level 6 of the Dungeon)

   [ring of protection from cold]

   rC+:       It protects you from cold.
   rN+:       It protects you from negative energy.
 X - the amulet of Posh {Spirit Str+6 Dex+3}
   (You found it on level 10 of the Dungeon)

   [amulet of guardian spirit]

   Spirit:    It causes incoming damage to be divided between your reserves of
   health and magic.
   Str+6:     It affects your strength (+6).
   Dex+3:     It affects your dexterity (+3).
Wands
 n - a wand of digging (8)
 t - a wand of roots (29)
 u - a wand of flame (49)
 v - a wand of polymorph (4)
 G - a wand of paralysis (15)
 P - a wand of mindburst (9)
Scrolls
 d - a scroll of teleportation
 f - 2 scrolls of enchant weapon
 g - 4 scrolls of amnesia
 h - a scroll of fog
 i - 4 scrolls of immolation
 j - a scroll of poison
 k - 2 scrolls of blinking
 o - a scroll of identify
 p - 4 scrolls of noise
 y - 2 scrolls of enchant armour
 B - 2 scrolls of brand weapon
 D - a scroll of silence
Potions
 c - 2 potions of mutation
 e - 3 potions of brilliance
 s - 6 potions of curing
 A - 3 potions of enlightenment
 C - 2 potions of attraction
 L - 2 potions of ambrosia
 O - 2 potions of invisibility
 R - 2 potions of might
 S - 5 potions of haste
 T - 5 potions of resistance
 U - a potion of cancellation
 W - a potion of lignification


   Skills:
 + Level 7.3 Fighting
 - Level 5.0 Dodging
 - Level 5.0 Stealth
 + Level 14.8 Spellcasting
 - Level 12.0 Conjurations
 - Level 2.0 Transmutations
 - Level 7.7 Fire Magic
 - Level 12.0 Earth Magic


You had 14 spell levels left.
You knew the following spells:

 Your Spells              Type           Power      Damage    Failure   Level
a - Sandblast             Erth           100%       2d20      1%          1
b - Stone Arrow           Conj/Erth      100%       3d13      1%          3
c - Passwall              Tmut/Erth      44%        N/A       1%          2
d - Bombard               Conj/Erth      34%        9d6       2%          6
e - Flame Wave            Conj/Fire      63%        2d15      1%          4
f - Brom's Barrelling Bo  Conj/Erth      69%        2d8       1%          4
g - Blink                 Tloc           38%        N/A       2%          2
h - Lee's Rapid Deconstr  Erth           34%        3d17*     1%          5

Your spell library contained the following spells:

 Spells                   Type           Power      Damage    Failure   Level
 Momentum Strike          Conj/Tloc      100%       3d10      1%          2
 Scorch                   Fire           100%       2d9       1%          2
 Wereblood                Tmut           29%        N/A       1%          2
 Leda's Liquefaction      Hex/Erth       25%        N/A       1%          4
 Petrify                  Tmut/Erth      53%        N/A       1%          4
 Lesser Beckoning         Tloc           38%        N/A       2%          2
 Irradiate                Conj/Tmut      26%        3d20      3%          5
 Ozocubu's Armour         Ice            19%        N/A       6%          3
 Summon Cactus Giant      Summ           9%         N/A       94%         6
 Ozocubu's Refrigeration  Ice            9%         4d9       100%        7


Dungeon Overview and Level Annotations

Branches:
Dungeon (11/15)            Temple (1/1) D:5            Lair (4/5) D:10
  Swamp (0/4) Lair:2        Snake (0/4) Lair:2          Orc (0/2) D:10
 Bailey (visited)
  Slime: Lair:4-5

Altars:
Ashenzari
Cheibriados
Dithmenos
Elyvilon
Fedhas
Gozag
Hepliaklqana
Kikubaaqudgha
Makhleb
Nemelex Xobeh
Okawaru
Qazlal
Ru
Sif Muna
Trog
Uskayaw
Vehumet
Wu Jian
Xom
Yredelemnul
Zin
The Shining One

Shops:
D:1 ?   D:2 (*?   D:4 [   D:6 *   D:9 *   D:10 !

Annotations:
D:4 3 runed translucent doors, CowFu's ghost, amateur DrSh
D:9 3 runed translucent doors, PowderKeg's ghost, novice FeDe
Lair:3 Rupert


Message History

Aiming: Bombard (dangerous; 2% risk of failure)
Press: ? - help, Shift-Dir - straight line, f/p - elephant
Aim: an elephant (almost dead, constricted by roots, 100% to hit)
The iron shot hits Rupert!!
Rupert is moderately wounded.
The grasping roots constrict Rupert.
The grasping roots constrict the elephant.
The roots release their grip on Rupert.
The roots release their grip on the elephant.
Casting: Bombard (dangerous; 2% risk of failure)
Confirm with . or Enter, or press ? or * to list all spells.
Aiming: Bombard (dangerous; 2% risk of failure)
Press: ? - help, Shift-Dir - straight line, f/p - elephant
Aim: an elephant (almost dead, 100% to hit)
The iron shot hits Rupert!!
Rupert is heavily wounded.
You feel yourself slow down.
Casting: Bombard (dangerous; 2% risk of failure)
Confirm with . or Enter, or press ? or * to list all spells.
Aiming: Bombard (dangerous; 2% risk of failure)
Press: ? - help, Shift-Dir - straight line, f/p - elephant
Aim: an elephant (almost dead, haloed, 100% to hit)
The iron shot hits Rupert!!
Rupert is severely wounded.
Rupert hits you with a +4 great sword of electrocution!! x2
Okay, then.
Okay, then. [a] - 408 gold - resistance, might and lignification [b] - 800 gold - haste, resistance, invisibility and might [c] - 240 gold - resistance Purchase which effect?
You no longer have enough gold to fund merchants seeking to open stores in the dungeon.
You feel yourself speed up.
You feel protected.
You become transparent, but the glow from your halo prevents you from becoming completely invisible.
You feel mightier all of a sudden.
Rupert hits you with a +4 great sword of electrocution!!
You die...
Rupert roars with triumph.
Your body crumbles into a pile of gold.

.................# ##........
................## ##.........
...............$.## #..........
..................# ##.........
..................# #.........
..................# ##.........
................Y.### #..........
................@...# ##.........
..............Y.@..####..........
.#...................##.#.#.P.P##
###.................###.########
####................##########.##
.# ##................#####.P##...
#####.............##..#P#........
###...P.........#####............
##...><........P# #..###.......
.......>.....#### ##.###........


You could see Rupert (berserk) and 2 elephants.

Vanquished Creatures
  3 hydras
  2 catoblepae
  A two-headed ogre (D:8)
  An orc knight (Bailey)
  3 cyclopes (D:11)
  A black mamba (Lair:2)
  2 elephants (Lair:3)
  An unseen horror (D:10)
  Maggie (Lair:1)
  7 cane toads
  A gargoyle (D:11)
  A kobold demonologist (D:11)
  Psyche (D:10)
  5 komodo dragons
  4 trolls
  2 hornets
  2 tyrant leeches (Lair:2)
  A polar bear (Lair:1)
  Prince Ribbit (D:8)
  Sigmund (D:3)
  A vampire (D:9)
  18 yaks
  A basilisk (Lair:3)
  2 wyverns
  A wraith (D:10)
  A swamp worm (Lair:2)
  3 acid dragons
  10 water moccasins
  Duvessa (D:5)
  2 orc warriors (D:8)
  2 sky beasts
  A black bear (D:5)
  An ice beast (D:5)
  9 ogres
  2 centaurs
  6 wolves
  2 kobold brigands
  2 gnoll sergeants
  4 scorpions
  8 bullfrogs
  Dowan (D:5)
  5 wights (D:9)
  17 killer bees
  3 howler monkeys
  4 electric eels
  5 crimson imps
  2 jellies (D:7)
  7 hounds
  A quasit (D:7)
  8 orc priests
  2 sleepcaps (D:6)
  Natasha (thrice) (D:3)
  4 iguanas
  8 orc wizards
  Robin (D:2)
  10 adders
  17 gnolls
  2 river rats (D:3)
  3 shadow imps
  4 white imps (D:7)
  7 ufetubi
  5 worms
  2 dart slugs
  35 orcs
  10 ball pythons
  7 endoplasms
  4 giant cockroaches
  10 goblins
  9 hobgoblins
  5 jackals
  9 kobolds
  2 quokkas
  A bat (D:1)
  3 frilled lizards (D:2)
  3 hobgoblin zombies (D:3)
  2 kobold skeletons (D:3)
  A kobold zombie (D:3)
  An orc skeleton (D:3)
  2 orc zombies (D:3)
  3 rats
346 creatures vanquished.

Vanquished Creatures (collateral kills)
  Lodul (D:11)
  4 boulders
5 creatures vanquished.

Vanquished Creatures (others)
  5 boulders
5 creatures vanquished.

Grand Total: 356 creatures vanquished

Notes
Turn   | Place    | Note
-------+----------+-------------------------------------------
     0 | D:1      | garrulousMonolith the Deep Elf Earth Elementalist began the
                  | quest for the Orb.
     0 | D:1      | Reached XP level 1. HP: 10/10 MP: 6/6
   260 | D:1      | Found Kumocim's Magic Scroll Shoppe.
   336 | D:1      | Reached XP level 2. HP: 15/15 MP: 6/8
   836 | D:2      | Found Doczomm's Magic Scroll Boutique.
   855 | D:2      | Bought a scroll of identify for 28 gold pieces
   899 | D:2      | Found Poph's General Store.
   927 | D:2      | Reached XP level 3. HP: 17/20 MP: 5/9
   949 | D:2      | Learned a level 3 spell: Stone Arrow
   954 | D:2      | Learned a level 2 spell: Passwall
  1202 | D:2      | Noticed Robin
  1206 | D:2      | Killed Robin
  1455 | D:2      | Found Piddaqi's Antique Weapon Emporium.
  1474 | D:3      | Reached XP level 4. HP: 22/24 MP: 7/11
  1595 | D:3      | Reached skill level 1 in Conjurations
  1703 | D:3      | Noticed Natasha
  1710 | D:3      | Killed Natasha
  1711 | D:3      | Reached skill level 1 in Fighting
  1721 | D:3      | Found an iron altar of Okawaru.
  1746 | D:3      | Noticed Sigmund
  1754 | D:3      | Killed Sigmund
  1755 | D:3      | Reached skill level 4 in Spellcasting
  1755 | D:3      | Reached XP level 5. HP: 24/29 MP: 6/13
  1755 | D:3      | Reached XP level 6. HP: 28/34 MP: 6/14
  1874 | D:3      | Noticed Natasha
  1877 | D:3      | Killed Natasha
  1918 | D:3      | Found a glowing golden altar of the Shining One.
  1920 | D:3      | Identified the +9 mace of Unpleasantness {holy, rPois
                  | Will+}
  1932 | D:3      | Noticed Natasha
  1939 | D:3      | Reached skill level 5 in Earth Magic
  1944 | D:3      | Killed Natasha
  2110 | D:3      | Found a glowing drain.
  2859 | D:4      | Reached XP level 7. HP: 39/39 MP: 10/15
  3027 | D:4      | Found a runed translucent gate.
  3028 | D:4      | Found a runed translucent gate.
  3029 | D:4      | Found a runed translucent gate.
  3191 | D:4      | Found Baizag's Antique Armour Boutique.
  3338 | D:4      | Noticed CowFu's ghost (amateur DrSh)
  3548 | D:5      | Entered Level 5 of the Dungeon
  3645 | D:5      | Learned a level 4 spell: Brom's Barrelling Boulder
  3750 | D:5      | Found a radiant altar of Vehumet.
  3794 | D:5      | Found a staircase to the Ecumenical Temple.
  3805 | Temple   | Entered the Ecumenical Temple
  4157 | D:5      | Noticed Duvessa
  4160 | D:5      | Killed Duvessa
  4161 | D:5      | Reached skill level 5 in Spellcasting
  4174 | D:5      | Noticed Dowan
  4178 | D:5      | Killed Dowan
  4187 | D:5      | Reached XP level 8. HP: 45/45 MP: 1/17
  4476 | D:5      | Reached skill level 5 in Stealth
  4492 | D:5      | Found an opulent altar of Gozag.
  4631 | D:5      | Became a worshipper of Gozag Ym Sagoz the Greedy
  5137 | D:6      | Reached skill level 5 in Conjurations
  5240 | D:6      | Reached skill level 5 in Dodging
  5465 | D:6      | Reached skill level 6 in Spellcasting
  5793 | D:6      | Found a shimmering altar of Xom.
  5943 | D:6      | Found Yleb's Assorted Antiques.
  5991 | D:6      | Bought a crude brass ring for 100 gold pieces
  5991 | D:6      | Identified the ring "Ytaon" {rC+ rN+} (You bought it in a
                  | shop on level 6 of the Dungeon)
  6002 | D:6      | Reached XP level 9. HP: 34/51 MP: 8/20
  6516 | D:7      | Found a snail-covered altar of Cheibriados.
  6577 | D:6      | Learned a level 4 spell: Flame Wave
  6887 | D:7      | Reached skill level 7 in Spellcasting
  7165 | D:7      | HP: 2/52 [gnoll/+2 whip of venom[a gnoll sergeant] (4)]
  7571 | D:7      | Reached skill level 11 in Spellcasting
  7571 | D:7      | Reached XP level 10. HP: 56/56 MP: 22/27
  8117 | D:8      | Noticed Prince Ribbit
  8121 | D:8      | Killed Prince Ribbit
  8122 | D:8      | Reached skill level 12 in Spellcasting
  8755 | D:9      | Noticed a two-headed ogre
  8762 | D:8      | Killed a two-headed ogre
  8763 | D:8      | Reached XP level 11. HP: 47/62 MP: 13/29
  8845 | D:9      | Found Zin's Purification Station.
  8850 | D:9      | Found a glowing silver altar of Zin.
  8872 | D:9      | Found a runed translucent gate.
  8873 | D:9      | Found a runed translucent gate.
  8874 | D:9      | Found a runed translucent gate.
  8874 | D:9      | Noticed an 11-headed hydra
  8874 | D:9      | Noticed PowderKeg's ghost (novice FeDe)
  8893 | D:9      | Found a flagged portal.
  8909 | Bailey   | Entered a bailey
  9125 | Bailey   | Noticed an orc knight
  9133 | Bailey   | Killed an orc knight
  9540 | D:9      | Found a shadowy altar of Dithmenos.
  9621 | D:9      | Found a large runed translucent door.
  9621 | D:9      | Found a large runed translucent door.
  9769 | D:9      | Found a white marble altar of Elyvilon.
  9819 | D:9      | Found a shimmering blue altar of Sif Muna.
 10149 | D:10     | Entered Level 10 of the Dungeon
 10233 | D:10     | Reached skill level 10 in Earth Magic
 10309 | D:10     | Found a staircase to the Orcish Mines.
 10473 | D:10     | Noticed Psyche
 10484 | D:10     | Killed Psyche
 10558 | D:10     | Found a staircase to the Lair.
 10632 | D:10     | Identified the +5 flail "Jirots" {heavy, rElec Will- SInv}
 10684 | D:10     | Reached skill level 5 in Fighting
 10768 | D:10     | Identified the amulet of Posh {Spirit Str+6 Dex+3}
 10873 | D:10     | Found Tiakhenu's Distillery.
 10911 | D:10     | Bought 2 potions of haste for 260 gold pieces
 10911 | D:10     | Bought a potion of curing for 39 gold pieces
 11523 | D:11     | Found an ancient bone altar of Kikubaaqudgha.
 11989 | D:11     | Reached skill level 10 in Conjurations
 12031 | D:11     | Noticed Lodul
 12047 | D:11     | Killed Lodul
 12058 | D:11     | Reached skill level 13 in Spellcasting
 12372 | Lair:1   | Entered Level 1 of the Lair of Beasts
 12400 | Lair:1   | Reached XP level 12. HP: 68/68 MP: 27/31
 13046 | Lair:1   | Noticed Maggie
 13069 | Lair:1   | Killed Maggie
 13405 | Lair:1   | Noticed a catoblepas
 13683 | Lair:1   | Killed a catoblepas
 14139 | Lair:2   | Noticed a four-headed hydra
 14148 | Lair:2   | Killed a four-headed hydra
 14291 | Lair:2   | Noticed a catoblepas
 14297 | Lair:2   | Killed a catoblepas
 14526 | Lair:2   | Reached skill level 14 in Spellcasting
 14758 | Lair:2   | Found a staircase to the Snake Pit.
 15067 | Lair:2   | Found a staircase to the Swamp.
 15317 | Lair:2   | You fall into a shaft and drop 2 floors!
 15643 | Lair:3   | Found a stormy altar of Qazlal.
 15812 | Lair:3   | Noticed an eight-headed hydra
 15836 | Lair:3   | Killed an eight-headed hydra
 16320 | Lair:3   | Noticed a five-headed hydra
 16321 | Lair:3   | Noticed Rupert
 16396 | Lair:3   | Killed a five-headed hydra
 16397 | Lair:3   | Reached XP level 13. HP: 66/76 MP: 18/33
 16434 | Lair:3   | Learned a level 6 spell: Bombard
 16437 | Lair:3   | Learned a level 2 spell: Blink
 16443 | Lair:3   | Learned a level 5 spell: Lee's Rapid Deconstruction
 16594 | Lair:3   | Slain by Rupert

Illustrated notes

Levels and vault maps discovered:
D:1:      onia_arrival_pentagram, layout_loops_ring, serial_shops, shop
D:2:      layout_rooms, serial_shops, shop, nicolae_shop_tiny_statue_garden,
          shop, minmay_misc_feat_hallway, uniq_robin
D:3:      layout_rooms, okawaru_gym_becter, nicolae_tso_besieged_by_evil,
          portal_sewer_entry_b, uniq_natasha, uniq_sigmund
D:4:      minmay_inner_zag, layout_basic, serial_shops, shop,
          gammafunk_ghost_icy
D:5:      layout_basic, marbit_many_paths, mainiacjoe_overflow_six_doors_small,
          minmay_temple_entry_wispy, uniq_duvessa
D:6:      layout_cave_pods, led_xom_imps, serial_shops,
          nicolae_shop_hallway_plus
D:7:      layout_rooms, cheibriados_altar_1, serial_demonic, serial_demonic_d,
          serial_demonic_e, serial_demonic_e, serial_demonic_d
D:8:      layout_basic, minmay_misc_feat_x, uniq_prince_ribbit1
D:9:      layout_rooms, zin_purify, grunt_dithmenos_smoke,
          jmf_multi_god_temple2, enter_bailey_6, gammafunk_ghost_hydra_chop
D:10:     layout_roguey, erik_lair_island, orc_0_dummy, serial_shops, shop,
          blue_anna_alchemist, uniq_psyche
D:11:     layout_loops_ring, nicolae_kikubaaqudgha_miasma_corner, uniq_lodul
Temple:   nicolae_temple_bog_church
Lair:1:   layout_loops_ring, beast_lair_carwin_2, serial_bayou_shore_a,
          uniq_maggie
Lair:2:   layout_hall_layers, minmay_swamp_entry_worms,
          guppyfry_snake_entry_island, eino_small_chamber_without_monster,
          serial_bayou_shore_b, lemuel_fruit_fields
Lair:3:   layout_cave_pods, basic_altar, st_stairs_13, uniq_rupert
Lair:4:   layout_cave_shapes, slime_entry_1, grunt_megastairs_1

Skill      XL: |  1  2  3  4  5  6  7  8  9 10 11 12 |
---------------+-------------------------------------+-----
Transmutations | 2 |  2.0
Earth Magic    | 4 5 6 7 9 11 12 | 12.0
Stealth        | 3 4 5 |  5.0
Dodging        | 3 4 5 |  5.0
Conjurations   | 2 3 4 6 7 8 10 12 | 12.0
Fighting       | 1 2 3 4 5 7 |  7.3
Spellcasting   | 4 5 6 11 12 13 14 | 14.8
Fire Magic     | 7 |  7.7

Action                     |  1- 3 |  4- 6 |  7- 9 | 10-12 | 13-15 || total
---------------------------+-------+-------+-------+-------+-------++-------
  Melee: Mace              |       |     6 |     7 |       |       ||    13
         Short sword       |       |     2 |    13 |     9 |     2 ||    26
         Staff             |       |       |     4 |       |       ||     4
   Cast: Sandblast         |    44 |    69 |    73 |   121 |     2 ||   309
         Stone Arrow       |       |    13 |    75 |   246 |    11 ||   345
         Brom's Barrelling |       |       |     5 |     9 |       ||    14
         Flame Wave        |       |       |       |     3 |       ||     3
         Bombard           |       |       |       |       |     6 ||     6
         Passwall          |       |       |       |       |     1 ||     1
 Invoke: Potion Petition   |       |       |       |     1 |     2 ||     3
  Evoke: Wand              |       |       |     2 |    11 |     1 ||    14
    Use: Scroll            |     1 |     4 |    12 |    16 |     1 ||    34
         Potion            |       |       |     5 |     3 |     1 ||     9
   Stab: Distracted        |       |       |     1 |       |       ||     1
 Armour: Robe              |     4 |       |       |       |       ||     4
         Leather armour    |     4 |       |       |       |       ||     4
         Troll leather arm |       |    38 |    57 |   172 |    33 ||   300
  Dodge: Dodged            |    18 |    49 |    53 |   158 |    17 ||   295

Table legend: (Time is in decaauts)
 A = Elapsed time spent in this place.
 B = Non-inter-level travel time spent in this place.
 C = Inter-level travel time spent in this place.
 D = Time resting spent in this place.
 E = Time spent auto-exploring this place.
 F = Levels seen in this place.
 G = Mean time per level.
                   A        B        C        D        E       F      G
               +--------+--------+--------+--------+--------+-----+--------+
         Total |  16784 |  16233 |    551 |   2677 |  11045 |  17 |  987.3 |
       Dungeon |  11825 |  11327 |    498 |   1989 |   7663 |  11 | 1075.0 |
        Temple |    101 |    101 |      0 |      0 |      0 |   1 |  101.0 |
          Lair |   4260 |   4208 |     52 |    565 |   2988 |   4 | 1065.0 |
        Bailey |    597 |    597 |      0 |    123 |    393 |   1 |  597.0 |
               +--------+--------+--------+--------+--------+-----+--------+

Top non-repeatable levels by time:
     D:6: 1586 daAuts
  Lair:1: 1585 daAuts
  Lair:2: 1537 daAuts
     D:5: 1398 daAuts
    D:10: 1260 daAuts
     D:8: 1208 daAuts
     D:4: 1206 daAuts
  Lair:3: 1086 daAuts
     D:7: 1037 daAuts
    D:11: 991 daAuts
     D:3: 919 daAuts
     D:1: 815 daAuts
     D:9: 727 daAuts
     D:2: 674 daAuts
  Bailey: 597 daAuts
